 Dungeon Crawl Stone Soup version 0.25-a0-306-g3faca94 (webtiles) character file.

Game seed: 524122928866566330, levelgen mode: deterministic

56 Birdy the Sneak (level 3, -1/36 HPs)
             Began as an Ogre Assassin on Dec 21, 2019.
             Slain by an ooze (2 damage)
             ... on level 3 of the Dungeon.
             The game lasted 00:02:17 (1102 turns).

Birdy the Sneak (Ogre Assassin)                     Turns: 1102, Time: 00:02:18

Health: -1/36      AC:  4    Str: 15    XL:     3   Next: 95%
Magic:  3/3        EV:  9    Int: 12    God:
Gold:   23         SH:  0    Dex: 11    Spells: 2/2 levels left

rFire    . . .     SeeInvis .   j - +1 dagger (speed)
rCold    . . .     Gourm    .   (no shield)
rNeg     . . .     Faith    .   b - +0 robe
rPois    .         Spirit   .   (helmet restricted)
rElec    .         Reflect  .   c - +0 cloak
rCorr    .         Harm     .   (gloves unavailable)
MR       .....                  (boots unavailable)
Stlth    ++........             (no amulet)
HPRegen  0.12/turn              (no ring)
MPRegen  0.08/turn              (no ring)

@: lethally poisoned (-1 -> -4), about to teleport, hasted, very quick
A: large, unfitting armour, tough skin 1
a: no special abilities


You were on level 3 of the Dungeon.
You were hungry.

You visited 1 branch of the dungeon, and saw 3 of its levels.

You collected 23 gold pieces.

Inventory:

Hand Weapons
 a - a +2 dagger
 j - a +1 dagger of speed (weapon)
Missiles
 d - 6 poisoned darts (quivered)
 e - 10 curare-tipped darts
Armour
 b - a +0 robe (worn)
 c - a +0 cloak (worn)
Potions
 l - a potion of haste
Comestibles
 f - 4 rations


   Skills:
 - Level 2.6 Fighting
 - Level 1.7 Short Blades
 - Level 2.0 Throwing
 - Level 0.8 Dodging
 + Level 4.2 Stealth


You had 2 spell levels left.
You didn't know any spells.
Your spell library was empty.

Dungeon Overview and Level Annotations

Branches:
Dungeon (3/15)

Altars:

Annotations:
D:3 Robin


Innate Abilities, Weirdness & Mutations

You are too large for most types of armour.
You have tough skin. (AC +1)


Message History

You feel blessed for a moment.
It was a scroll of remove curse.
* * * LOW HITPOINT WARNING * * *
You feel sick.
As you read the scroll labeled SUUNGIEMEB, it crumbles to dust.
The creatures around you are filled with an inner flame!
It was a scroll of immolation.
As you read the scroll labeled XEZXUT XUACARE, it crumbles to dust.
You feel strangely unstable.
It was a scroll of teleportation.
* * * LOW HITPOINT WARNING * * *
You feel sick.
The hobgoblin hits you but does no damage.
The ooze hits you but does no damage.
As you read the scroll labeled ROXAMUA IRYIPP, it crumbles to dust.
You hear the tinkle of a tiny bell.
It was a scroll of random uselessness.
The hobgoblin closely misses you.
As you read the scroll labeled XAXZYO DUITAST, it crumbles to dust.
It is a scroll of identify.
You don't have any unidentified items.
The ooze hits you.
You die...

.....#(.......<#
##...#.....)...#
######.#........$.....
#...............###.##
#....#..)..#.........#.##
...........#....###......
........g(##....###.# ...
.....###gJ..........# #..
.##. #@.#.....##..###..
###..#.........#....
#...................
#............<......
#......#..........[.
#......#............
#......#............
#......#............
#......##...........


You could see an ooze (inner flame), a hobgoblin (inner flame) and a goblin
(inner flame).

Vanquished Creatures
  3 adders
  2 worms (D:2)
  A ball python (D:2)
  3 bats
  2 giant cockroaches
  4 goblins (D:2)
  2 hobgoblins (D:3)
  3 jackals (D:2)
  2 kobolds (D:2)
22 creatures vanquished.

Notes
Turn   | Place    | Note
-------+----------+-------------------------------------------
     0 | D:1      | Birdy the Ogre Assassin began the quest for the Orb.
     0 | D:1      | Reached XP level 1. HP: 22/22 MP: 1/1
    59 | D:2      | Reached skill level 3 in Stealth
   361 | D:2      | Reached XP level 2. HP: 27/29 MP: 2/2
   425 | D:2      | Reached XP level 3. HP: 28/36 MP: 3/3
   458 | D:2      | Reached skill level 4 in Stealth
   802 | D:3      | Identified the +0 helmet of the Red Skies {rPois rN+ rCorr
                  | Str+2}
   802 | D:3      | Noticed Robin
  1100 | D:3      | HP: 1/36 [poisoned by an adder]
  1102 | D:3      | Slain by an ooze

Levels and vault maps discovered:
D:1:      dpeg_arrival_stonehenge_12_columns, layout_basic, roderic_lattice_a,
          st_stairs_9, hangedman_abyss_or_decor_stabs, tso_altar
D:2:      layout_rooms, kennysheep_boxes, uniq_jessica
D:3:      layout_rooms, lemuel_doored_altar, nicolae_overflow_hidden_temple,
          uniq_robin

Skill      XL: |  1  2  3 |
---------------+----------+-----
Stealth        | 3 4 |  4.2
Fighting       | |  2.6
Short Blades   | |  1.7
Throwing       | |  2.0
Dodging        | |  0.8

Action                   || total
-------------------------++-------
Melee: Dagger            ||   121
Throw: Dart              ||     4
  Use: Scroll            ||     5
       Potion            ||     1
 Stab: Sleeping          ||     2
Armor: Robe              ||    67
Dodge: Dodged            ||    69

Table legend:
 A = Non-vault XP
 B = Vault XP
 C = Vault XP percentage of total XP
 D = Non-vault monster count
 E = Vault monster count
 F = Vault count percentage of total count
                 A         B        C        D         E       F
            +---------+---------+-------+---------+---------+-------
      Total |      76 |       4 |   5.0 |      20 |       2 |   9.1
            +---------+---------+-------+---------+---------+-------
        D:2 |      56 |       4 |   6.7 |      15 |       2 |  11.8
        D:3 |      20 |       0 |   0.0 |       5 |       0 |   0.0
            +---------+---------+-------+---------+---------+-------
